 Dungeon Crawl Stone Soup version 0.18.1-5-g4a78601 (webtiles) character file.

17188 Ijustatesigmund the Cleaver (level 12, 0/113 HPs)
             Began as a Minotaur Fighter on May 9, 2016.
             Was a High Priest of Cheibriados.
             Slain by a freezing wraith (15 damage)
             ... led by a death knight
             ... on level 12 of the Dungeon.
             The game lasted 00:25:21 (10606 turns).

Ijustatesigmund the Cleaver (Minotaur Fighter)     Turns: 10606, Time: 00:25:23

Health: 0/113      AC: 12    Str: 36    XL:     12   Next: 16%
Magic:  12/18      EV: 14    Int: 24    God:    Cheibriados [*****.]
Gold:   663        SH: 16    Dex: 27    Spells: 0 memorised, 11 levels left

rFire  . . .     SeeInvis .     a - +1 war axe
rCold  . . .     Gourm    .     s - +1 ring mail of Truth {Int+2 Stlth+} (curse)
rNeg   . . .     Faith    +     c - +2 shield
rPois  +         Spirit   .     m - +2 hat
rElec  +         Dismiss  .     B - +2 cloak {MR+}
rCorr  .         Reflect  .     (no gloves)
SustAt .         Harm     .     (no boots)
MR     +....                    z - amulet of faith
Stlth  ++........               E - ring of poison resistance
                                k - ring of wizardry

@: very slow, somewhat resistant to hostile enchantments, unstealthy
A: retaliatory headbutt, horns 2, clever 1, electricity resistance
a: Bend Time, Temporal Distortion, Slouch, Step From Time, Renounce Religion


You were on level 12 of the Dungeon.
You worshipped Cheibriados.
Cheibriados was extremely pleased with you.
You were not hungry.

You visited 2 branches of the dungeon, and saw 13 of its levels.

You collected 663 gold pieces.

Inventory:

Hand Weapons
 a - a +1 war axe (weapon)
Missiles
 x - 6 javelins (quivered)
Armour
 c - a +2 shield (worn)
 m - a +2 hat (worn)
 s - the cursed +1 ring mail of Truth (worn) {Int+2 Stlth+}
   (You found it on level 8 of the Dungeon)

   It affects your intelligence (+2).
   It makes you more stealthy.
   It has a curse placed upon it.
 v - a +3 leather armour
 B - a +2 cloak of magic resistance (worn)
Jewellery
 k - a ring of wizardry (left hand)
 o - a +4 ring of intelligence
 z - an amulet of faith (around neck)
 E - a ring of poison resistance (right hand)
Wands
 d - a wand of flame (31/48)
 H - a wand of slowing (17/48)
 O - a wand of paralysis (0/24)
Scrolls
 j - 4 scrolls of teleportation
 n - 2 scrolls of immolation
 p - 3 scrolls of fear
 w - 6 scrolls of remove curse
 y - 2 scrolls of blinking
 A - a scroll of silence
 C - a scroll of magic mapping
 M - a scroll of enchant armour
Potions
 e - 5 potions of lignification
 h - 2 potions of cancellation
 l - a potion of magic
 r - 2 potions of heal wounds
 t - a potion of cure mutation
 F - a potion of curing
 I - 2 potions of brilliance
 J - a potion of flight
Books
 q - a book of the Tempests

   Spells                             Type                      Level
   a - Static Discharge               Conjuration/Air              3
   b - Lightning Bolt                 Conjuration/Air              5
   c - Fireball                       Conjuration/Fire             5
   d - Tornado                        Air                          9
   e - Shatter                        Earth                        9
 u - a book of Death

   Spells                             Type                      Level
   a - Corpse Rot                     Necromancy                   2
   b - Sublimation of Blood           Necromancy                   2
   c - Agony                          Necromancy                   5
   d - Dispel Undead                  Necromancy                   5
   e - Excruciating Wounds            Charms/Necromancy            5
   f - Bolt of Draining               Conjuration/Necromancy       5
 K - a book of Power

   Spells                             Type                      Level
   a - Fulminant Prism                Conjuration/Hexes            4
   b - Iskenderun's Mystic Blast      Conjuration                  4
   c - Venom Bolt                     Conjuration/Poison           5
   d - Bolt of Magma                  Conjuration/Fire/Earth       5
   e - Iron Shot                      Conjuration/Earth            6
   f - Orb of Destruction             Conjuration                  7
   g - Spellforged Servitor           Conjuration/Summoning        7
Comestibles
 f - 6 bread rations
 g - 9 meat rations
 i - 5 fruits
 D - 2 beef jerkies
 G - a slice of pizza


   Skills:
 + Level 12.5 Fighting
 + Level 13.9 Axes
 - Level 6.3 Armour
 - Level 4.6 Dodging
 - Level 6.5 Shields
 - Level 10.0 Invocations


You had 11 spell levels left.
You didn't know any spells.

Dungeon Overview and Level Annotations

Branches:
Dungeon (12/15)            Temple (1/1) D:7            Lair (0/8) D:8
    Orc (0/2) D:11

Altars:
Cheibriados
Dithmenos
Elyvilon
Gozag
Kikubaaqudgha
Makhleb
Okawaru
Pakellas
Qazlal
Sif Muna
Trog
Vehumet
Xom
Yredelemnul
Beogh

Shops:
D:5 [   D:6 :   D:7 %   D:10 [   D:11 (


Innate Abilities, Weirdness & Mutations

You reflexively headbutt those who attack you in melee.
You have a pair of horns on your head.
Your mind is acute. (Int +2)
You are resistant to electric shocks.


Message History

You slice the freezing wraith!!
The freezing wraith is severely damaged.
The freezing wraith hits you! The freezing wraith freezes you!
* * * LOW HITPOINT WARNING * * *
The freezing wraith completely misses you.
You are too injured to fight recklessly!
You are too injured to fight recklessly!
You are too injured to fight recklessly!
You are too injured to fight recklessly!
You barely miss the freezing wraith. You headbutt the freezing wraith.
The freezing wraith is almost destroyed.
You block the freezing wraith's attack. The freezing wraith barely misses you.
A freezing wraith comes into view.
You hit the freezing wraith but do no damage.
You headbutt the freezing wraith, but do no damage.
The freezing wraith is almost destroyed.
The freezing wraith hits you!
* * * LOW HITPOINT WARNING * * *
The freezing wraith freezes you!
You die...

#.# # #...
#.. ##
##>.. ###
#. ..
#.... #.
.# ##...
#. .##
##.. #. .W
#.. #. .#
##. #.##W#
##. #..@.#
#..
#.†####...
#.#
#.%)......
#..
##†#######
#######.
#)#
#...###.
#.#
#.......
#.#
#...####
#.# ##.##
#.#######
#.#


You could see 2 freezing wraiths.

Vanquished Creatures
  A hydra (D:12)
  A centaur warrior (D:11)
  A death knight (D:12)
  A skeletal warrior (D:12)
  Pikel (D:5)
  2 hill giants
  A cyclops (D:11)
  An ugly thing (D:11)
  Maurice (D:8)
  4 gargoyles
  A freezing wraith (D:12)
  Grinder (D:3)
  Sigmund (D:2)
  A centaur simulacrum (D:12)
  A shadow (D:11)
  A vampire (D:10)
  14 yaks
  Eustachio (D:5)
  2 hippogriffs (D:12)
  4 wyverns
  A hungry ghost (D:9)
  Menkaure (D:5)
  2 slaves (D:5)
  9 orc warriors
  A black bear (D:8)
  5 ice beasts
  5 ogres
  3 phantoms
  5 crocodiles
  5 centaurs
  A big kobold (D:11)
  2 giant frogs
  A jelly (D:5)
  A water moccasin zombie (D:7)
  3 scorpions (D:9)
  17 killer bees
  3 howler monkeys
  17 wights
  6 crimson imps
  2 centaur zombies
  2 centaur skeletons
  2 giant frog skeletons
  6 orc priests
  A hound (D:9)
  2 quasits (D:10)
  A gnoll shaman (D:10)
  An iguana (D:10)
  12 worker ants
  10 orc wizards
  A killer bee zombie (D:6)
  3 gnolls (D:10)
  A howler monkey skeleton (D:8)
  12 adders
  A river rat (D:8)
  2 adder skeletons
  2 worms (D:3)
  4 giant geckos
  42 orcs
  10 bats
  8 giant cockroaches
  9 goblins
  10 hobgoblins
  12 jackals
  11 quokkas
  4 ball pythons
  A giant gecko zombie (D:8)
  5 giant newts
  A jackal skeleton (D:7)
  15 kobolds
  A quokka skeleton (D:8)
  24 rats
347 creatures vanquished.

Vanquished Creatures (others)
  2 jackals (D:6)
  A jackal skeleton (D:6)
  3 fungi (D:8)
6 creatures vanquished.

Grand Total: 353 creatures vanquished

Notes
Turn   | Place    | Note
--------------------------------------------------------------
     0 | D:1      | Ijustatesigmund the Minotaur Fighter began the quest for the Orb.
     0 | D:1      | Reached XP level 1. HP: 19/19 MP: 0/0
   117 | D:1      | Reached XP level 2. HP: 26/27 MP: 1/1
   223 | D:1      | Reached skill level 3 in Axes
   719 | D:2      | Reached XP level 3. HP: 34/34 MP: 2/2
   739 | D:2      | Found a basalt altar of Yredelemnul.
  1260 | D:2      | Noticed Sigmund
  1269 | D:2      | Killed Sigmund
  1269 | D:2      | Reached skill level 5 in Axes
  1269 | D:2      | Reached XP level 4. HP: 23/44 MP: 3/3
  1269 | D:2      | Reached XP level 5. HP: 26/50 MP: 4/4
  1712 | D:3      | Found an oddly glowing altar of Pakellas.
  1774 | D:3      | Noticed Grinder
  1788 | D:3      | Paralysed by Grinder for 7 turns
  2097 | D:3      | Reached skill level 1 in Dodging
  2097 | D:3      | Reached XP level 6. HP: 57/57 MP: 5/5
  2277 | D:3      | Killed Grinder
  2277 | D:3      | Reached skill level 6 in Axes
  2277 | D:3      | Reached XP level 7. HP: 63/63 MP: 6/6
  2908 | D:4      | Reached skill level 5 in Shields
  3266 | D:4      | Reached skill level 7 in Axes
  3354 | D:5      | Entered Level 5 of the Dungeon
  3354 | D:5      | Noticed Menkaure
  3359 | D:5      | Killed Menkaure
  3359 | D:5      | Reached skill level 5 in Armour
  3587 | D:5      | Noticed Pikel
  3803 | D:5      | Reached XP level 8. HP: 54/70 MP: 7/7
  3844 | D:5      | Noticed Eustachio
  3862 | D:5      | Killed Eustachio
  3970 | D:5      | Reached skill level 8 in Axes
  4298 | D:5      | Killed Pikel
  4298 | D:5      | Reached skill level 9 in Axes
  4317 | D:5      | Found Tenou's Armour Shoppe.
  4589 | D:5      | Found a white marble altar of Elyvilon.
  4688 | D:6      | Found Goserr's Book Shop.
  4745 | D:6      | Found a stormy altar of Qazlal.
  4778 | D:6      | Reached XP level 9. HP: 43/78 MP: 8/8
  5001 | D:6      | Found an opulent altar of Gozag.
  5770 | D:7      | Found a staircase to the Ecumenical Temple.
  5781 | Temple   | Entered the Ecumenical Temple
  5791 | Temple   | Became a worshipper of Cheibriados the Contemplative
  5899 | D:7      | Found a bloodstained altar of Trog.
  6522 | D:7      | Reached skill level 10 in Axes
  6923 | D:7      | Found Udekleh's Food Emporium.
  7230 | D:8      | Reached * piety under Cheibriados
  7524 | D:8      | Found a staircase to the Lair.
  7531 | D:8      | Reached skill level 11 in Axes
  7607 | D:8      | Reached ** piety under Cheibriados
  7766 | D:8      | Reached skill level 1 in Invocations
  7869 | D:8      | Noticed Maurice
  7929 | D:8      | Found an ancient bone altar of Kikubaaqudgha.
  8049 | D:8      | Got a pitted ring mail
  8054 | D:8      | Found a shadowy altar of Dithmenos.
  8297 | D:8      | Killed Maurice
  8297 | D:8      | Reached skill level 5 in Invocations
  8297 | D:8      | Reached XP level 10. HP: 86/90 MP: 12/12
  8342 | D:7      | Identified the cursed +1 ring mail of Truth {Int+2 Stlth+} (You found it on level 8 of the Dungeon)
  8518 | D:9      | Reached *** piety under Cheibriados
  9018 | D:9      | Reached **** piety under Cheibriados
  9063 | D:9      | Found a shimmering altar of Xom.
  9126 | D:10     | Entered Level 10 of the Dungeon
  9250 | D:10     | Noticed a hill giant
  9257 | D:10     | Killed a hill giant
  9273 | D:10     | Found Imamn's Armour Shoppe.
  9431 | D:10     | Noticed a gargoyle
  9438 | D:10     | Killed a gargoyle
  9494 | D:10     | Reached ***** piety under Cheibriados
  9494 | D:10     | Reached skill level 10 in Invocations
  9652 | D:10     | Reached XP level 11. HP: 95/95 MP: 17/17
  9707 | D:11     | Found Saniruat's Antique Weapon Shoppe.
  9727 | D:11     | Noticed a hill giant
  9737 | D:11     | Killed a hill giant
  9822 | D:11     | Noticed a white ugly thing
  9836 | D:11     | Killed a white ugly thing
  9836 | D:11     | Reached skill level 10 in Fighting
  9836 | D:11     | Reached skill level 12 in Axes
  9866 | D:11     | Noticed a centaur warrior
  9869 | D:11     | Killed a centaur warrior
 10043 | D:11     | Reached ****** piety under Cheibriados
 10075 | D:11     | Found a staircase to the Orcish Mines.
 10236 | D:11     | Gained mutation: Your mind is acute. (Int +2) [potion of beneficial mutation]
 10237 | D:11     | Gained mutation: You are resistant to electric shocks. [potion of beneficial mutation]
 10349 | D:11     | Found a roughly hewn altar of Beogh.
 10438 | D:11     | Reached skill level 13 in Axes
 10570 | D:12     | Noticed a four-headed hydra
 10571 | D:12     | Noticed a skeletal warrior
 10581 | D:12     | Killed a six-headed hydra
 10581 | D:12     | Reached XP level 12. HP: 71/112 MP: 7/18
 10591 | D:12     | Noticed a death knight
 10601 | D:12     | Killed a death knight
 10606 | D:12     | Slain by a freezing wraith

Skill      XL: |  1  2  3  4  5  6  7  8  9 10 11 |
---------------+----------------------------------+-----
Fighting       | 4 6 8 12 | 12.5
Axes           | 3 5 6 7 9 11 13 | 13.9
Dodging        | 1 2 3 4 |  4.6
Shields        | 4 5 6 |  6.5
Armour         | 4 5 6 |  6.3
Invocations    | 5 10 | 10.0

Action                   |  1- 3 |  4- 6 |  7- 9 | 10-12 || total
-------------------------+-------+-------+-------+-------++-------
Melee: War axe           |    93 |    69 |   446 |   376 ||   984
       Headbutt          |     7 |    16 |    97 |   132 ||   252
Throw: Javelin           |       |       |     2 |       ||     2
Invok: Slouch            |       |       |       |     3 ||     3
Evoke: Wand              |       |       |       |     3 ||     3
  Use: Scroll            |     3 |     2 |    12 |    10 ||    27
       Potion            |       |     1 |     3 |     2 ||     6
 Stab: Invisible         |       |       |     1 |       ||     1
       Sleeping          |       |       |       |     7 ||     7
       Paralysed         |       |       |       |     2 ||     2
  Eat: Chunk             |     1 |     4 |    10 |     5 ||    20
       Beef jerky        |       |       |     1 |       ||     1
       Meat ration       |       |       |     1 |       ||     1
       Pizza             |       |       |     1 |       ||     1
Armor: Scale mail        |    36 |    14 |       |       ||    50
       Ring mail         |       |     7 |    75 |    85 ||   167
       Leather armour    |       |       |    21 |       ||    21
Dodge: Dodged            |    37 |    18 |   148 |   162 ||   365
Block: Shield            |    45 |    20 |   220 |   299 ||   584
